 Dungeon Crawl Stone Soup version 0.19-a0-1905-ge8b2aad (webtiles) character file.

294 Naow the Grave Robber (level 6, -10/49 HPs)
             Began as a Deep Dwarf Necromancer on Oct 21, 2016.
             Mangled by a mummy (16 damage)
             ... in an ossuary.
             The game lasted 00:11:03 (2801 turns).

Naow the Grave Robber (Deep Dwarf Necromancer)      Turns: 2801, Time: 00:11:05

Health: -10/49     AC:  4    Str: 14    XL:     6   Next: 11%
Magic:  8/8        EV: 13    Int: 15    God:
Gold:   183        SH:  0    Dex: 13    Spells: 2 memorised, 4 levels left

rFire  . . .     SeeInvis .     y - +0 hand axe
rCold  . . .     Gourm    .     m - +0 leather armour
rNeg   + . .     Faith    .     (no shield)
rPois  .         Spirit   .     (no helmet)
rElec  .         Reflect  .     (no cloak)
rCorr  .         Harm     .     (no gloves)
MR     .....                    j - +0 pair of boots
Stlth  ++........               (no amulet)
                                (no ring)
                                u - ring of positive energy

@: non-regenerating
A: damage resistance, recharge devices, sense surroundings 1, slow regeneration
3
a: Device Recharging


You were in an ossuary.
You were not hungry.

You visited 1 branch of the dungeon, and saw 4 of its levels.
You also visited: Ossuary.

You collected 183 gold pieces.

Inventory:

Hand Weapons
 f - a +0 club
 h - a +0 short sword
 y - a +0 hand axe (weapon)
 B - a +0 blowgun
Missiles
 n - 50 poisoned needles (quivered)
Armour
 a - a +0 robe
 j - a +0 pair of boots (worn)
 m - a +0 leather armour (worn)
Jewellery
 u - a ring of positive energy (left hand)
 D - a cursed ring of loudness {unknown}
Wands
 c - a wand of heal wounds (2/9)
Scrolls
 g - 3 scrolls of enchant weapon {unknown}
 i - 2 scrolls of amnesia {unknown}
 k - a scroll of recharging {unknown}
 o - 5 scrolls of identify {unknown}
 p - 2 scrolls of remove curse {unknown}
 r - a scroll of teleportation {unknown}
 s - a scroll of fog {unknown}
 x - a scroll of immolation {unknown}
 A - a scroll of fear {unknown}
Potions
 e - a potion of haste {unknown}
 l - 2 potions of ambrosia {unknown}
 v - 2 potions of heal wounds {unknown}
 w - 2 potions of curing {unknown}
 z - a potion of brilliance {unknown}
 C - a potion of agility {unknown}
 E - 3 potions of resistance {unknown}
 F - a potion of degeneration {unknown}
Books
 b - a book of Necromancy

   Spells                             Type                      Level
   a - Pain                           Necromancy                   1
   b - Animate Skeleton               Necromancy                   1
   c - Vampiric Draining              Necromancy                   3
   d - Regeneration                   Charms/Necromancy            3
   e - Animate Dead                   Necromancy                   4
   f - Control Undead                 Necromancy                   4
Comestibles
 d - 2 bread rations
 q - 2 beef jerkies
 t - a meat ration


   Skills:
 + Level 1.5 Axes
 + Level 3.3 Armour
 + Level 4.1 Dodging
 - Level 2.4 Stealth
 - Level 1.7 Spellcasting
 + Level 5.9 Necromancy


You had 4 spell levels left.
You knew the following spells:

 Your Spells              Type           Power        Failure   Level  Hunger
a - Pain                  Necr           ###.         2%          1    ##.....
b - Vampiric Draining     Necr           ###.......   10%         3    ####...


Dungeon Overview and Level Annotations

Branches:
Dungeon (4/15)
 Temple: D:4-7

Altars:
Elyvilon


Innate Abilities, Weirdness & Mutations

You are resistant to damage.
You can recharge devices by infusing magical energy.
You passively map a small area around you.
You do not regenerate.


Message History

The mummy hits you!
You hit the mummy.
The mummy is almost destroyed.
The mummy completely misses you.
You completely miss the mummy.
The mummy is almost destroyed.
The mummy barely misses you.
You completely miss the mummy.
The mummy is almost destroyed.
You completely miss the mummy.
The mummy is almost destroyed.
The mummy hits you!
* * * LOW HITPOINT WARNING * * *
You are too injured to fight recklessly!
You are too injured to fight recklessly!
You are too injured to fight recklessly!
You barely miss the mummy.
The mummy is almost destroyed.
The mummy hits you!
You die...

.....#.#.............#
....................^#
####.....####..####..#
# +...8...+ #... #..#
####.....####..####..#
.....................#
.....#.#...........^.#
.....#+#.......####..#
.8...# #...8....@M#..#
.....###.......####..#
.....................#
#.#..#.#..#.#........#
#'#..#+#..#+#..####..#
#.#..#,#..# #...'.#..#
###..###..###..####..#
.....................#
.....................#


You could see a mummy.

Vanquished Creatures
  The ghost of Grim the Insei, an amateur OpTm (D:3)
  A human zombie (Ossuary)
  A worker ant (D:4)
  4 gnolls
  5 adders
  2 worms
  2 leopard geckos
  5 orcs (D:3)
  13 bats
  A giant cockroach (D:1)
  5 goblins
  10 hobgoblins
  2 jackals (D:2)
  A quokka (D:3)
  A ball python (D:2)
  6 frilled lizards
  A goblin zombie (Ossuary)
  8 hobgoblin zombies (Ossuary)
  6 kobolds
  2 kobold zombies (Ossuary)
  10 rats
87 creatures vanquished.

Vanquished Creatures (others)
  A hobgoblin (D:2)
1 creature vanquished.

Grand Total: 88 creatures vanquished

Notes
Turn   | Place    | Note
-------+----------+-------------------------------------------
     0 | D:1      | Naow the Deep Dwarf Necromancer began the quest for the Orb.
     0 | D:1      | Reached XP level 1. HP: 15/15 MP: 3/3
   132 | D:1      | Reached XP level 2. HP: 7/22 MP: 2/4
   300 | D:1      | Reached skill level 5 in Necromancy
   332 | D:1      | Reached skill level 1 in Armour
   601 | D:1      | Reached XP level 3. HP: 8/28 MP: 5/5
   606 | D:1      | Learned a level 3 spell: Vampiric Draining
   937 | D:2      | Found a white marble altar of Elyvilon.
  1538 | D:3      | Noticed Grim's ghost (amateur OpTm)
  1561 | D:3      | Killed Grim's ghost
  1561 | D:3      | Reached XP level 4. HP: 21/36 MP: 6/6
  1561 | D:3      | Reached XP level 5. HP: 25/42 MP: 7/7
  2060 | D:3      | Reached skill level 1 in Axes
  2558 | D:4      | Found a sand-covered staircase.
  2563 | Ossuary  | Entered an ossuary
  2563 | Ossuary  | Noticed a wraith
  2563 | Ossuary  | Noticed a wraith
  2563 | Ossuary  | Noticed a wraith
  2617 | Ossuary  | Reached XP level 6. HP: 26/49 MP: 8/8
  2801 | Ossuary  | Mangled by a mummy

Vault maps used:
D:1:      dpeg_arrival_ternary
D:2:      elyvilon_altar_4
D:3:      kennysheep_generic_room_3
D:4:      kennysheep_the_goblin_king, enter_ossuary_5, first_bread,
          serial_park_tiny_2, grunt_decor_arrowhead, fedhas_altar_3
Ossuary:  ossuary_kennysheep_city_of_the_dead

Skill      XL: |  1  2  3  4  5 |
---------------+----------------+-----
Necromancy     | 5 |  5.9
Armour         | 1 2 3 |  3.3
Dodging        | 3 4 |  4.1
Axes           | 1 |  1.5
Stealth        | |  2.4
Spellcasting   | |  1.7

Action                   |  1- 3 |  4- 6 || total
-------------------------+-------+-------++-------
Melee: Unarmed           |    20 |       ||    20
       Club              |    12 |       ||    12
       Short sword       |   116 |     9 ||   125
       Hand axe          |       |   136 ||   136
 Cast: Pain              |     6 |       ||     6
       Vampiric Draining |    15 |    28 ||    43
Evoke: Wand              |     1 |     2 ||     3
 Stab: Sleeping          |     2 |     1 ||     3
  Eat: Chunk             |     4 |     8 ||    12
Armor: Robe              |    11 |       ||    11
       Leather armour    |    31 |    37 ||    68
Dodge: Dodged            |   131 |   129 ||   260
